cohdb
Replays
Latest Replays
All Replays
Popular Replays
Top Player Replays
Match Explorer
How It Works
Community
CoH3 Stats
Reddit
Sign in to upload your games and track your stats! →
Sign in with Steam
Match 45393043
Unlisted
Match 45393043
Overview
Messages
Build Orders
End
Pioneer Squad
Construct Infanterie Kompanie
MG 42 Machine Gun Team
Grenadier Squad
Grenadier Squad
Construct Luftwaffe Kompanie
221 Scout Car
Jäger Squad
221 Scout Car
Selects Italian Coastal Battlegroup
Selects Coastal Reserves
Selects Artillery Officer
Artillery Officer
Medical Bunker
Construct Panzer Kompanie
Jäger Squad
Selects Obice da 210/22 Artillery Emplacement
Panzer Officer Quarters
Panzer IV Medium Tank
Selects Support Bunkers
Side Skirts
Selects Designated Artillery Overwatch
221 Scout Car
Flak 30 Anti-aircraft Gun Team
Selects Call the Reserves!
Panzer IV Medium Tank
MG 42 Bunker
Call the Reserves!
Panzer IV Medium Tank
Boneless
Arwootarch
A2O
BazookaJoe
男神贾队长
Riffraffle
JIANHU
HackerBlack_Sunday
0
0
Comments
sign in to comment!
No comments posted yet!